 Dungeon Sprint DCSS version 0.20.1-1-g8b1a95d (webtiles) character file.

6468 potatolord6000 the Protected (level 11, -12/76 HPs)
             Began as a Gargoyle Fighter on Aug 28, 2017.
             Was an Elder of Qazlal.
             Shot with an arrow by a deep elf master archer (34 damage)
             ... in the Dungeon (Sprint III: "The Ten Rune Challenge") on Aug 29, 2017.
             The game lasted 00:08:53 (2042 turns).

potatolord6000 the Protected (Gargoyle Fighter)     Turns: 2042, Time: 00:08:53

Health: -12/76     AC: 20    Str: 23    XL:     11   Next: 0%
Magic:  13/21      EV:  9    Int:  9    God:    Qazlal [****..]
Gold:   993        SH: 18    Dex:  9    Spells: 24/24 levels left

rFire    . . .     SeeInvis .   a - +0 flail
rCold    . . .     Gourm    .   c - +0 shield
rNeg     + . .     Faith    .   b - +0 scale mail
rPois    ∞         Spirit   .   (no helmet)
rElec    +         Reflect  .   e - +0 cloak
rCorr    .         Harm     .   (no gloves)
MR       +....     NoTele   +   (no boots)
Stlth    ++........             (no amulet)
Regen    0.3/turn               (no ring)
MPRegen  0.2/turn               (no ring)

@: repel missiles
A: slimy green scales 1, magic resistance 1, negative energy resistance 1,
electricity resistance, unbreathing, petrification resistance, rot immunity, AC
+7
a: Upheaval, Elemental Force, Renounce Religion


You were in the Dungeon.
You worshipped Qazlal.
Qazlal was greatly pleased with you.
You were not hungry.

You visited 1 branch You collected 993 gold pieces.

Inventory:

Hand Weapons
 a - a +0 flail (weapon)
Armour
 b - a +0 scale mail (worn)
 c - a +0 shield (worn)
 e - a +0 cloak (worn)
Scrolls
 k - a scroll of blinking
 l - a scroll of amnesia {unknown}
 m - 2 scrolls of holy word {unknown}
 n - 4 scrolls of identify
 r - 2 scrolls of remove curse
Potions
 p - a potion of ambrosia {unknown}
 q - a potion of flight {unknown}
 s - a potion of heal wounds
Books
 g - a book of Cantrips

   Spells                             Type                      Level
   a - Confusing Touch                Hexes                        1
   b - Animate Skeleton               Necromancy                   1
   c - Summon Small Mammal            Summoning                    1
   d - Apportation                    Translocation                1
Comestibles
 h - a royal jelly


   Skills:
 + Level 12.4 Fighting
 + Level 11.2 Maces & Flails
 + Level 12.5 Armour
 - Level 9.6 Stealth
 + Level 12.3 Shields
 + Level 7.0 Spellcasting
 + Level 8.6 Invocations


You had 24 spell levels left.
You didn't know any spells.

Dungeon Overview and Level Annotations

Branches:
Dungeon (1/1)

Altars:
Cheibriados
Dithmenos
Elyvilon
Fedhas
Gozag
Hepliaklqana
Kikubaaqudgha
Makhleb
Nemelex Xobeh
Okawaru
Qazlal
Ru
Sif Muna
Trog
Uskayaw
Vehumet
Xom
Yredelemnul
Zin
The Shining One
Beogh
Jiyva
Lugonu

Shops:
D (


Innate Abilities, Weirdness & Mutations

You are resistant to torment.
Your stone body is resilient. (AC +7)
You are immune to poison.
You resist negative energy. (rN+)
You are resistant to electric shocks. (rElec)
You can survive without breathing.
You are immune to petrification.
You are immune to rotting.
You are partially covered in slimy green scales. (AC +2)
You are resistant to hostile enchantments. (MR+)


Message History

The deep elf master archer is struck by lightning.
The deep elf master archer shoots an arrow.
You block the arrow.
The deep elf master archer shoots an arrow.
The arrow hits you!
* * * LOW HITPOINT WARNING * * *
Aiming: Upheaval
Press: ? - help, Dir - move target cursor, f/p - deep elf master archer
Aim: a deep elf master archer, wielding a longbow and wearing a glowing chain mail (heavily wounded) Magma suddenly erupts from the ground!
The blast of magma engulfs the deep elf master archer.
The deep elf master archer is almost dead.
The blast of magma engulfs the deep elf high priest.
The deep elf high priest is almost dead.
You can no longer call upon nature's wrath in a wide area around you.
The deep elf high priest utters an invocation to its god.
The corpse begins to drag itself along the ground!
The deep elf master archer shoots an arrow.
The arrow hits you!!
You die...

▓▓▓▓▓▓▓ #
##..##.######### ###
###....∩#.['.#...# e..+
#....).[.).#.#.§.##≈§≈≈#
#)[[)[...#.#.#.§@≈≈§ee..
#.)[[....#.#.#.§.##≈§§≈#
#.###.####.#.(...# e[.x
#.# ### #.####### ###
#'###############
#..§§§+.#.(().+.#
#§#§≈§#§#.#)).##.#
'.#§§§#.#.#...# #.#
#.#..§#...#...# #.#


You could see a deep elf master archer, a deep elf high priest and a crawling
corpse.

Vanquished Creatures
  A deep elf demonologist (D)
  A centaur warrior (D)
  Erica (D)
  A deep elf knight (D)
  6 deep elf magi (D)
  A shadow (D)
  3 orc warriors (D)
  A necrophage (D)
  2 centaurs (D)
  An earth elemental (D)
  A water elemental (D)
  A jelly (D)
  Crazy Yiuf (D)
  2 orc priests (D)
  4 orc wizards (D)
  A wizard (D)
  Jessica (D)
  A necromancer (D)
  3 humans (D)
  A kobold demonologist (D)
  9 orcs (D)
  3 rats (D)
46 creatures vanquished.

Vanquished Creatures (others)
  2 draconian scorchers (D)
  3 yaktaurs (D)
  6 hellions (D)
11 creatures vanquished.

Grand Total: 57 creatures vanquished

Notes
Turn   | Place    | Note
-------+----------+-------------------------------------------
     0 | D        | potatolord6000 the Gargoyle Fighter began the quest for the Orb.
     0 | D        | Reached XP level 1. HP: 14/14 MP: 1/1
    10 | D        | Reached skill level 1 in Stealth
    48 | D        | Noticed Jessica
    52 | D        | Killed a yaktaur
    58 | D        | Killed Jessica
    58 | D        | Reached XP level 2. HP: 17/20 MP: 2/2
    58 | D        | Reached XP level 3. HP: 21/24 MP: 3/3
    73 | D        | Killed a hellion
    86 | D        | Killed a hellion
    86 | D        | Killed a hellion
    86 | D        | Killed a hellion
    88 | D        | Killed a hellion
   158 | D        | Killed a hellion
   203 | D        | Killed a white draconian scorcher
   204 | D        | Killed a white draconian scorcher
   287 | D        | Noticed Crazy Yiuf
   298 | D        | Killed Crazy Yiuf
   298 | D        | Reached skill level 5 in Fighting
   298 | D        | Reached skill level 5 in Armour
   298 | D        | Reached skill level 5 in Shields
   298 | D        | Reached XP level 4. HP: 11/31 MP: 2/4
   322 | D        | Gained mutation: You are partially covered in slimy green scales. (AC +2) [potion of mutation]
   322 | D        | Gained mutation: You are resistant to hostile enchantments. (MR+) [potion of mutation]
   522 | D        | Noticed a water elemental
   524 | D        | Killed a yaktaur
   526 | D        | Killed a water elemental
   526 | D        | Reached skill level 5 in Stealth
   526 | D        | Reached XP level 5. HP: 22/36 MP: 5/5
   531 | D        | Found a glowing silver altar of Zin.
   531 | D        | Found a glowing golden altar of the Shining One.
   531 | D        | Found a white marble altar of Elyvilon.
   532 | D        | Noticed a deep elf mage
   547 | D        | Killed a deep elf mage
   547 | D        | Reached XP level 6. HP: 29/44 MP: 6/6
   547 | D        | Reached XP level 7. HP: 32/49 MP: 7/7
   560 | D        | Found a radiant altar of Vehumet.
   560 | D        | Found a deep blue altar of Sif Muna.
   560 | D        | Found an ancient bone altar of Kikubaaqudgha.
   582 | D        | Found a roughly hewn altar of Beogh.
   582 | D        | Found an iron altar of Okawaru.
   582 | D        | Found a bloodstained altar of Trog.
   582 | D        | Found a hide-covered altar of Uskayaw.
   582 | D        | Noticed a human
   583 | D        | Noticed a human
   596 | D        | Killed a human
   600 | D        | Killed a human
   799 | D        | Found a basalt altar of Yredelemnul.
   799 | D        | Found a shadowy altar of Dithmenos.
   799 | D        | Found a sacrificial altar of Ru.
   806 | D        | Reached XP level 8. HP: 56/56 MP: 8/8
   910 | D        | Killed a yaktaur
   925 | D        | Noticed a shadow
   931 | D        | Killed a shadow
   943 | D        | Found a blossoming altar of Fedhas.
   943 | D        | Found a stormy altar of Qazlal.
   943 | D        | Found a snail-covered altar of Cheibriados.
   943 | D        | Found a burning altar of Makhleb.
   943 | D        | Found a shimmering altar of Xom.
   944 | D        | Found a hazy altar of Hepliaklqana.
   944 | D        | Found an opulent altar of Gozag.
   944 | D        | Found a sparkling altar of Nemelex Xobeh.
   944 | D        | Found a corrupted altar of Lugonu.
   944 | D        | Found a viscous altar of Jiyva.
   947 | D        | Became a worshipper of Qazlal Stormbringer
   962 | D        | Noticed Erica
   987 | D        | Killed Erica
   987 | D        | Reached skill level 10 in Fighting
   987 | D        | Reached skill level 10 in Armour
   987 | D        | Reached skill level 10 in Shields
   987 | D        | Reached XP level 9. HP: 37/62 MP: 8/13
  1382 | D        | Noticed a centaur warrior
  1390 | D        | Killed a centaur warrior
  1390 | D        | Reached * piety under Qazlal
  1390 | D        | Reached skill level 5 in Invocations
  1584 | D        | Found Yweducue's Weapon Emporium.
  1587 | D        | Reached ** piety under Qazlal
  1593 | D        | Reached *** piety under Qazlal
  1598 | D        | Reached **** piety under Qazlal
  1698 | D        | Noticed a deep elf mage
  1698 | D        | Noticed a deep elf mage
  1698 | D        | Noticed a deep elf mage
  1698 | D        | Noticed a deep elf mage
  1698 | D        | Noticed a deep elf knight
  1710 | D        | Killed a deep elf knight
  1710 | D        | Reached ***** piety under Qazlal
  1710 | D        | Reached skill level 10 in Maces & Flails
  1710 | D        | Reached skill level 5 in Spellcasting
  1710 | D        | Reached XP level 10. HP: 64/70 MP: 12/17
  1712 | D        | Killed a deep elf mage
  1725 | D        | Killed a deep elf mage
  1727 | D        | Killed a deep elf mage
  1729 | D        | Killed a deep elf mage
  1904 | D        | Noticed a deep elf annihilator
  1909 | D        | Killed a deep elf mage
  1912 | D        | Noticed a deep elf death mage
  1912 | D        | Noticed a deep elf demonologist
  1913 | D        | Noticed a deep elf annihilator
  1917 | D        | Killed a deep elf demonologist
  1917 | D        | Reached XP level 11. HP: 62/76 MP: 4/21
  1920 | D        | Noticed a deep elf high priest
  1937 | D        | Noticed a deep elf master archer
  2042 | D        | Shot with an arrow by a deep elf master archer

Skill      XL: |  1  2  3  4  5  6  7  8  9 10 |
---------------+-------------------------------+-----
Stealth        | 2 4 5 8 9 |  9.6
Fighting       | 4 5 8 9 10 11 12 | 12.4
Maces & Flails | 3 4 6 7 9 10 11 | 11.2
Armour         | 4 5 8 9 10 11 12 | 12.5
Shields        | 4 5 8 9 10 11 12 | 12.3
Spellcasting   | 2 5 7 |  7.0
Invocations    | 3 6 8 |  8.6

Action                   |  1- 3 |  4- 6 |  7- 9 | 10-12 || total
-------------------------+-------+-------+-------+-------++-------
Melee: Flail             |    55 |    16 |   117 |    11 ||   199
Invok: Upheaval          |       |       |     5 |    11 ||    16
  Use: Potion            |     2 |     3 |     4 |     1 ||    10
 Stab: Sleeping          |       |       |     3 |       ||     3
  Eat: Fruit             |       |       |     3 |       ||     3
       Bread ration      |       |       |     1 |       ||     1
Armor: Scale mail        |    26 |     2 |    41 |     6 ||    75
Dodge: Dodged            |    14 |     4 |    22 |     5 ||    45
       Deflected         |       |       |       |     1 ||     1
Block: Shield            |    21 |     2 |    84 |    10 ||   117
